[Event "Titled Tuesday Blitz April 4 Late 2023"]
[White "Becerra, Juan David"]
[Black "tandercat"]
[WhiteFideId "4404998"]
[WhiteElo "2276"]
[BlackElo "1938"]
[Result "1-0"]
[Round "03"]
[TimeControl "180+2"]
[Date "2023.04.04"]
[WhiteClock "0:00:39"]
[BlackClock "0:00:02"]

1. e4 c5 2. d4 cxd4 3. c3 Nf6 4. e5 Nd5 5. cxd4 d6 6. f4 dxe5 7. fxe5 Nc6 8. Nc3 Bf5 9. a3 e6 10. Nf3 Be7 11. Bd3 Bxd3 12. Qxd3 O-O 13. O-O Rc8 14. Qe4 Nxc3 15. bxc3 Na5 16. Bd2 Nb3 17. Rad1 Nxd2 18. Rxd2 Rxc3 19. Qxb7 Rxa3 20. Qe4 Qb6 21. Kh1 h6 22. h4 Qa5 23. Rdd1 Rb8 24. Qg4 Ra2 25. d5 exd5 26. e6 f6 27. Qh5 Qd8 28. Nd4 Rbb2 29. Rg1 f5 30. Qf7+ Kh8 31. Nc6 Ra4 32. Rd4 Rxd4 33. Nxd4 Qd6 34. Nxf5 1-0


[Site "https://www.chess.com"]

[Event "Titled Tuesday Blitz April 4 Late 2023"]
[White "Porat, Tori"]
[Black "Makaraci, Tunahan"]
[WhiteFideId "30982626"]
[BlackFideId "6356559"]
[WhiteElo "1752"]
[BlackElo "2160"]
[Result "0-1"]
[Round "03"]
[TimeControl "180+2"]
[Date "2023.04.04"]
[WhiteClock "0:00:24"]
[BlackClock "0:00:55"]

1. d4 d5 2. c4 e6 3. Nc3 c5 4. cxd5 cxd4 5. Qxd4 Nc6 6. Qe3 Nb4 7. Qd2 Nxd5 8. Nf3 Ngf6 9. e4 Nxc3 10. Qxd8+ Kxd8 11. bxc3 Nxe4 12. Bb2 Bc5 13. Nd4 e5 14. f3 Nxc3 15. Bxc3 exd4 16. Rd1 Re8+ 17. Kf2 Kc7 18. Bxd4 Bxd4+ 19. Rxd4 Be6 20. Bb5 Red8 21. Rc1+ Kb6 22. Rb4 a5 23. Rb2 Ka7 24. a4 Rac8 25. Rcb1 Bf5 26. Re1 Be6 27. Reb1 Rc7 28. Be2 Rd6 29. Rb5 b6 30. R5b2 Bd7 31. Bb5 Bxb5 32. Rxb5 Rc2+ 33. Kg3 Rc4 34. Ra1 g6 35. Re5 Rd7 36. Rb5 Ka6 37. Ra2 Rdd4 38. Rab2 Rb4 39. R5xb4 Rxb4 40. Ra2 b5 41. axb5+ Kxb5 42. Kf2 a4 43. Ke3 Kc4 44. Kd2 Kb3 45. Rc2 Rd4+ 46. Kc1 Rc4 47. Rxc4 Kxc4 48. g4 g5 49. h3 Kd3 50. Kb2 Ke3 51. Ka3 Kxf3 52. Kxa4 Kg3 53. Kb3 Kxh3 54. Kc3 Kxg4 55. Kd3 Kf3 56. Kd4 g4 57. Kd3 g3 0-1


[Site "https://www.chess.com"]

[Event "Titled Tuesday Blitz April 4 Late 2023"]
[White "Burke, Paul"]
[Black "Kilpatrick, Callum"]
[WhiteFideId "2605767"]
[BlackFideId "414425"]
[WhiteElo "1853"]
[BlackElo "2351"]
[Result "0-1"]
[Round "03"]
[TimeControl "180+2"]
[Date "2023.04.04"]
[WhiteClock "0:00:19"]
[BlackClock "0:01:52"]

1. e4 c5 2. d4 cxd4 3. c3 d5 4. exd5 Qxd5 5. cxd4 Nf6 6. Nf3 Nc6 7. Nc3 Qa5 8. Be2 e6 9. O-O Be7 10. h3 O-O 11. Be3 Rd8 12. a3 a6 13. b4 Qc7 14. Rc1 Nd5 15. Nxd5 exd5 16. Ne5 Bd6 17. Nxc6 bxc6 18. Bf3 Be6 19. Qc2 Rdc8 20. Qd2 a5 21. Qb2 axb4 22. axb4 Qb6 23. Bd2 Rcb8 24. Qc2 Bd7 25. Rb1 Qxd4 26. Be3 Qe5 27. g3 Bf5 0-1


[Site "https://www.chess.com"]

[Event "Titled Tuesday Blitz April 4 Late 2023"]
[White "Figorito, Nick"]
[Black "Hamitevici, Vladimir"]
[WhiteFideId "30923689"]
[BlackFideId "13902393"]
[WhiteElo "2373"]
[BlackElo "2401"]
[Result "1-0"]
[Round "03"]
[TimeControl "180+2"]
[Date "2023.04.04"]
[WhiteClock "0:01:35"]
[BlackClock "0:00:37"]

1. Nf3 d5 2. g3 e6 3. Bg2 Ne7 4. O-O Ng6 5. c4 Be7 6. d4 O-O 7. b3 dxc4 8. bxc4 c5 9. e3 Nc6 10. Bb2 cxd4 11. Nxd4 Qb6 12. Nxc6 bxc6 13. Qd4 Qxd4 14. Bxd4 Ba6 15. Bxc6 Rac8 16. Bb5 Bxb5 17. cxb5 Bc5 18. Bxc5 Rxc5 19. a4 Rd8 20. Na3 Rcd5 21. Nc4 Rc5 22. Na5 Ne5 23. Nb7 1-0


[Site "https://www.chess.com"]

[Event "Titled Tuesday Blitz April 4 Late 2023"]
[White "Popov, Mikhail"]
[Black "Perez Rodriguez, Jennifer"]
[WhiteFideId "4146182"]
[BlackFideId "3507831"]
[WhiteElo "2244"]
[BlackElo "2116"]
[Result "1-0"]
[Round "03"]
[TimeControl "180+2"]
[Date "2023.04.04"]
[WhiteClock "0:00:21"]
[BlackClock "0:00:14"]

1. d4 d5 2. Nf3 Nf6 3. c4 c6 4. Nc3 e6 5. g3 Nbd7 6. Bg2 g6 7. O-O Bg7 8. Qc2 O-O 9. b4 dxc4 10. b5 cxb5 11. Nxb5 a6 12. Nd6 Qc7 13. Nxc4 b5 14. Ne3 Qxc2 15. Nxc2 Bb7 16. Ba3 Rfc8 17. Rac1 Rc3 18. Bb4 Rc4 19. Nd2 Bxg2 20. Kxg2 Rc6 21. Ne3 Rac8 22. Nb3 Rxc1 23. Rxc1 Rxc1 24. Nxc1 Nb6 25. Nb3 Nfd5 26. Nxd5 Nxd5 27. Bd2 b4 28. e3 Bf8 29. Kf3 Bd6 30. Ke2 Kf8 31. Kd3 Nb6 32. Na5 Ke7 33. Nc6+ Kd7 34. Nxb4 a5 35. Nc2 a4 36. e4 Kc6 37. Bb4 Bc7 38. Na3 f5 39. f3 g5 40. d5+ exd5 41. exf5 h5 42. Bc3 Kd6 43. Nb5+ Kd7 44. Nxc7 Kxc7 45. Ba5 1-0


[Site "https://www.chess.com"]

[Event "Titled Tuesday Blitz April 4 Late 2023"]
[White "Gontcharov, Vladislav"]
[Black "Leschinsky, Gary"]
[WhiteFideId "4123492"]
[BlackFideId "30951321"]
[WhiteElo "2420"]
[BlackElo "1855"]
[Result "1-0"]
[Round "03"]
[TimeControl "180+2"]
[Date "2023.04.04"]
[WhiteClock "0:01:06"]
[BlackClock "0:01:00"]

1. d4 d5 2. c4 e6 3. Nc3 c5 4. cxd5 cxd4 5. Qa4+ Bd7 6. Qxd4 exd5 7. Qxd5 Nf6 8. Qd1 Bc5 9. e3 O-O 10. Nf3 Qe7 11. Be2 Nc6 12. O-O Ne5 13. Nxe5 Qxe5 14. Bf3 Rad8 15. Qe2 Bf5 16. Rd1 Rxd1+ 17. Qxd1 b6 18. a3 g5 19. g3 Be7 20. Qd4 Qe6 21. e4 Bg6 22. Bxg5 Rd8 23. Qe3 Bc5 24. Qe2 Re8 25. Re1 Qe5 26. Bf4 Qe6 27. e5 Nd7 28. h4 h6 29. Nd5 Kh7 30. Nc7 1-0


[Site "https://www.chess.com"]

[Event "Titled Tuesday Blitz April 4 Late 2023"]
[White "Gubajdullin, Alexei"]
[Black "Ai, Evan"]
[WhiteFideId "4141202"]
[BlackFideId "2094770"]
[WhiteElo "2279"]
[BlackElo "1963"]
[Result "1-0"]
[Round "03"]
[TimeControl "180+2"]
[Date "2023.04.04"]
[WhiteClock "0:01:48"]
[BlackClock "0:00:26"]

1. d4 Nf6 2. Nf3 e6 3. Bf4 d5 4. e3 c5 5. Nbd2 Nc6 6. c3 Bd6 7. Bg3 Ne7 8. Bd3 Qc7 9. Ne5 O-O 10. f4 Nf5 11. Bf2 h5 12. h3 Qe7 13. g4 Ne4 14. gxf5 Nxf2 15. Kxf2 Qh4+ 16. Kg2 exf5 17. dxc5 Bxe5 18. fxe5 f4 19. exf4 Qxf4 20. Nf3 Be6 21. Qc1 Qa4 22. Qg5 g6 23. Bxg6 fxg6 24. Qxg6+ Kh8 25. Qh6+ Kg8 26. Qxe6+ Kh8 27. Qh6+ Kg8 28. Qg5+ Kh8 29. Qxh5+ Kg8 30. Qg6+ Kh8 31. Ng5 Rf2+ 32. Kxf2 Qf4+ 33. Nf3 1-0


[Site "https://www.chess.com"]

[Event "Titled Tuesday Blitz April 4 Late 2023"]
[White "Kujawski, Adam"]
[Black "Aggelis, Nikolaos"]
[WhiteFideId "1100920"]
[BlackFideId "4213220"]
[WhiteElo "2054"]
[BlackElo "2189"]
[Result "0-1"]
[Round "03"]
[TimeControl "180+2"]
[Date "2023.04.04"]
[WhiteClock "0:00:14"]
[BlackClock "0:01:07"]

1. e4 c6 2. d4 d5 3. f3 e5 4. exd5 Qxd5 5. dxe5 Qxe5+ 6. Ne2 Qc7 7. Bf4 Qb6 8. Nbc3 Nf6 9. Qd4 Bc5 10. Qe5+ Be6 11. O-O-O Nbd7 12. Qg5 O-O-O 13. Na4 Qa5 14. Nxc5 Nxc5 15. Qe5 Rxd1+ 16. Kxd1 Rd8+ 17. Nd4 g5 18. Qxf6 gxf4 19. c3 Qxa2 20. Qe5 Qb1+ 21. Ke2 Qxb2+ 22. Ke1 Qxc3+ 0-1


[Site "https://www.chess.com"]

[Event "Titled Tuesday Blitz April 4 Late 2023"]
[White "Zampronha, Wladimir Camilo"]
[Black "Bitoon, Richard"]
[WhiteFideId "2103087"]
[BlackFideId "5201110"]
[WhiteElo "2176"]
[BlackElo "2374"]
[Result "0-1"]
[Round "03"]
[TimeControl "180+2"]
[Date "2023.04.04"]
[WhiteClock "0:00:05"]
[BlackClock "0:00:09"]

1. e4 c5 2. Nf3 d6 3. d4 cxd4 4. Nxd4 Nf6 5. Nc3 Nc6 6. Bg5 e6 7. Qd2 a6 8. O-O-O Bd7 9. f4 h6 10. Bxf6 Qxf6 11. Nf3 g5 12. e5 Qxf4 13. Qxf4 gxf4 14. exd6 O-O-O 15. Bc4 Rg8 16. Rhg1 h5 17. g3 Bh6 18. Kb1 fxg3 19. Rxg3 Rxg3 20. hxg3 Rg8 21. Ne4 Bg7 22. Nc5 Bf8 23. Ne4 f5 24. Neg5 Rg6 25. Rh1 Rh6 26. Nf7 Rf6 27. N7e5 Nxe5 28. Nxe5 Bxd6 29. Nxd7 Kxd7 30. Rxh5 Bxg3 31. Rh7+ Kc6 32. Be2 e5 33. Bf3+ e4 34. Be2 f4 35. Rg7 f3 36. Bd1 Bf4 37. Re7 Kd5 38. Rd7+ Ke5 39. c3 f2 40. Be2 Rg6 41. Rxb7 Rg1+ 42. Kc2 Rc1+ 43. Kb3 Re1 44. Bxa6 f1=Q 45. Bxf1 Rxf1 46. a4 e3 47. a5 Ke6 48. Rb4 Kf5 49. Rb7 e2 50. Re7 e1=Q 51. Rxe1 Rxe1 52. Kc4 Ra1 53. b4 Ke6 54. Kb5 Kd7 55. Kb6 Be3+ 56. Kb7 Ra3 57. c4 Ra4 58. b5 Rxa5 59. b6 Ra4 60. c5 Bxc5 61. Kb8 Bxb6 62. Kb7 Rb4 63. Kb8 Kc6 64. Ka8 Rd4 65. Kb8 Rd8# 0-1


[Site "https://www.chess.com"]

[Event "Titled Tuesday Blitz April 4 Late 2023"]
[White "Diaz Perez, Michel Alejandro"]
[Black "Vifleemskaia, Svetlana"]
[WhiteFideId "3517179"]
[BlackFideId "4129490"]
[WhiteElo "2334"]
[BlackElo "1930"]
[Result "1/2-1/2"]
[Round "03"]
[TimeControl "180+2"]
[Date "2023.04.04"]
[WhiteClock "0:00:23"]
[BlackClock "0:00:20"]

1. Nf3 Nf6 2. c4 e6 3. b3 d5 4. Bb2 Be7 5. e3 O-O 6. Be2 b6 7. O-O Bb7 8. Qc2 dxc4 9. bxc4 c5 10. Nc3 Nc6 11. a3 a6 12. Rfd1 Qc7 13. Bf1 Rfd8 14. Ne2 h6 15. Ng3 Rd7 16. d4 Rad8 17. Rac1 cxd4 18. exd4 Na5 19. Ne5 Rd6 20. Qe2 Nb3 21. d5 Nxc1 22. Rxc1 Qb8 23. Ng4 Nxg4 24. Qxg4 Bf8 25. Nh5 exd5 26. Bd3 d4 27. Re1 Qc8 28. Bf5 Qc6 29. h3 g6 30. Nf4 Bg7 31. Bd3 Rf6 32. Nd5 Rxd5 33. cxd5 Qxd5 34. Re7 Bc6 35. Bxd4 Re6 36. Rxe6 Qxe6 37. Qxe6 fxe6 38. Bxb6 Bb2 39. Bxg6 Bxa3 40. Bd3 Bb5 41. Bc2 Kf7 42. Bb3 Bb4 43. f4 a5 44. f5 Bd7 45. Kf2 Ke7 46. fxe6 Bxe6 47. Ba4 Bd7 48. Bxd7 Kxd7 49. Bd4 a4 50. Ke2 h5 51. Kd3 Ke6 52. Kc4 Bd6 53. Kb5 a3 54. Ka4 Kf5 55. Kb3 Ke4 56. Bf2 Kd3 57. g4 hxg4 58. hxg4 Ke4 59. g5 Kf5 60. Be3 Be7 61. Bc1 Bxg5 62. Bxg5 Kxg5 63. Kxa3 1/2-1/2


[Site "https://www.chess.com"]

[Event "Titled Tuesday Blitz April 4 Late 2023"]
[White "Fajdetic, Hrvoje"]
[Black "Manzone, Alessandro"]
[WhiteFideId "14501945"]
[BlackFideId "112488"]
[WhiteElo "2185"]
[BlackElo "2255"]
[Result "0-1"]
[Round "03"]
[TimeControl "180+2"]
[Date "2023.04.04"]
[WhiteClock "0:00:04"]
[BlackClock "0:01:33"]

1. d4 Nf6 2. Bf4 e6 3. e3 d5 4. Nf3 Bd6 5. Bg3 c5 6. c3 Nc6 7. Bd3 O-O 8. Nbd2 b6 9. Ne5 Bb7 10. f4 Ne7 11. Bh4 Nf5 12. Bxf5 exf5 13. Qc2 g6 14. g4 fxg4 15. h3 g3 16. Ndf3 Be7 17. Bxf6 Bxf6 18. O-O-O Bc8 19. h4 Bf5 20. Qg2 cxd4 21. exd4 h5 22. Qxg3 Rc8 23. Ng5 b5 24. a3 a5 25. Kd2 b4 26. axb4 axb4 27. Ra1 Qb6 28. Ngxf7 Rxf7 29. Nxf7 bxc3+ 30. bxc3 Qb2+ 31. Ke3 0-1


[Site "https://www.chess.com"]

[Event "Titled Tuesday Blitz April 4 Late 2023"]
[White "Tyagi, Kushan"]
[Black "Veiga, Jose Francisco R P Neves"]
[WhiteFideId "2040069"]
[BlackFideId "1930087"]
[WhiteElo "2303"]
[BlackElo "2320"]
[Result "1/2-1/2"]
[Round "03"]
[TimeControl "180+2"]
[Date "2023.04.04"]
[WhiteClock "0:00:19"]
[BlackClock "0:01:04"]

1. d4 Nf6 2. c4 e6 3. g3 Bb4+ 4. Bd2 a5 5. Bg2 d5 6. Nf3 O-O 7. O-O dxc4 8. Qc2 b5 9. a4 c6 10. axb5 Bxd2 11. Nfxd2 Qxd4 12. bxc6 Nd5 13. c7 Na6 14. Nxc4 Naxc7 15. Rxa5 Rxa5 16. Nxa5 Ba6 17. Rd1 Qb6 18. Nc6 Bxe2 19. Rxd5 Nxd5 20. Bxd5 exd5 21. Ne7+ Kh8 22. Qxe2 Rb8 23. Nxd5 Qxb2 24. Qxb2 Rxb2 25. Nbc3 h5 26. Kg2 Kh7 27. h4 f6 28. Nf4 Kh6 29. Nd1 Rd2 30. Ne3 g6 31. Kf3 Ra2 32. Nd3 g5 33. hxg5+ fxg5 34. Ke4 Ra4+ 35. Kf3 Kg6 36. Kg2 Re4 37. Kf3 Re8 38. Kg2 Ra8 39. Ne5+ Kf6 40. Nd3 Ra5 41. Ne1 Kg6 42. Nd3 Ra4 43. Ne5+ Kf6 44. Nd3 Rd4 45. Ne1 g4 46. N1c2 Ra4 47. Ne1 Kg5 48. f4+ gxf3+ 49. Nxf3+ Kg6 50. Nd5 Ra2+ 51. Kh3 Ra4 52. Nf4+ Kh6 53. Kh4 Rb4 54. Ne5 Ra4 55. Nd7 Ra1 56. Nf6 Rh1+ 57. Nh3 Kg6 58. Nxh5 Rxh3+ 59. Kxh3 Kxh5 60. g4+ Kg5 61. Kg3 Kg6 62. Kf4 Kf6 63. g5+ Kg6 64. Kg4 Kg7 65. Kh5 Kh7 66. Kh4 Kg7 67. Kg4 Kg6 68. Kf4 Kg7 69. Kf5 Kf7 70. g6+ Kg7 71. Kg5 Kg8 72. Kh6 Kh8 73. g7+ Kg8 74. Kg6 1/2-1/2


[Site "https://www.chess.com"]

[Event "Titled Tuesday Blitz April 4 Late 2023"]
[White "Cuenca Jimenez, Jose Fernando"]
[Black "Kohler, Aran"]
[WhiteFideId "2255570"]
[BlackFideId "1002856"]
[WhiteElo "2429"]
[BlackElo "2293"]
[Result "1-0"]
[Round "03"]
[TimeControl "180+2"]
[Date "2023.04.04"]
[WhiteClock "0:00:50"]
[BlackClock "0:00:15"]

1. c4 e5 2. Nc3 Nf6 3. Nf3 e4 4. Ng5 b5 5. cxb5 d5 6. d4 h6 7. Nh3 Bxh3 8. gxh3 Nbd7 9. Bf4 g5 10. Bg3 Bb4 11. Qb3 Ba5 12. e3 O-O 13. Be2 Rb8 14. h4 g4 15. O-O Kh7 16. Nxd5 Nh5 17. Bxg4 Nxg3 18. fxg3 c6 19. Bxd7 cxd5 20. Qxd5 Qe7 21. Bf5+ Kh8 22. Qd7 Qxd7 23. Bxd7 Bd2 24. Kf2 Rbd8 25. Bc6 f5 26. Ke2 Kg7 27. Kxd2 1-0


[Site "https://www.chess.com"]

[Event "Titled Tuesday Blitz April 4 Late 2023"]
[White "Annaberdiyev, Meylis"]
[Black "Fernandez Sanchez, Mario Andres"]
[WhiteFideId "14000563"]
[BlackFideId "6501621"]
[WhiteElo "2416"]
[BlackElo "2050"]
[Result "1/2-1/2"]
[Round "03"]
[TimeControl "180+2"]
[Date "2023.04.04"]
[WhiteClock "0:00:07"]
[BlackClock "0:00:57"]

1. e4 c5 2. Nc3 Nc6 3. Bb5 Nd4 4. Nf3 Nxb5 5. Nxb5 d5 6. exd5 a6 7. Nc3 Nf6 8. d4 c4 9. Ne5 b5 10. O-O Bb7 11. a4 b4 12. Ne2 Rc8 13. Nf4 Nxd5 14. Qf3 Qd6 15. Nxf7 Kxf7 16. Nxd5+ Kg8 17. Nf6+ exf6 18. Qxb7 Qc6 19. Qxc6 Rxc6 20. Re1 Kf7 21. Bf4 c3 22. b3 g5 23. Bg3 h5 24. h4 gxh4 25. Bxh4 Bh6 26. Re4 Rd8 27. Rae1 Rcd6 28. Rd1 Bd2 29. Kf1 Rxd4 30. Rxd4 Rxd4 31. Bg3 Re4 32. f3 Re6 33. Be1 Bxe1 34. Rxe1 Rxe1+ 35. Kxe1 Ke6 36. Ke2 Ke5 37. g3 f5 38. Kf2 Kd4 39. Ke2 Ke5 40. Kf2 Kd4 41. Ke2 Ke5 1/2-1/2


[Site "https://www.chess.com"]

[Event "Titled Tuesday Blitz April 4 Late 2023"]
[White "Munoz, Francisco Javier"]
[Black "Tsyhanchuk, Stanislav"]
[WhiteFideId "128368"]
[BlackFideId "13505130"]
[WhiteElo "2383"]
[BlackElo "2173"]
[Result "1-0"]
[Round "03"]
[TimeControl "180+2"]
[Date "2023.04.04"]
[WhiteClock "0:00:21"]
[BlackClock "0:00:15"]

1. e4 c5 2. Nc3 Nc6 3. f4 g6 4. Nf3 Bg7 5. Bc4 e6 6. O-O Nge7 7. d3 O-O 8. a4 d5 9. Ba2 b6 10. e5 f6 11. exf6 Bxf6 12. Bd2 Nf5 13. Rb1 Bb7 14. Re1 Nfd4 15. Nxd4 Nxd4 16. Ne2 Qd7 17. c3 Nf5 18. Ng3 Nd6 19. Bb3 Rae8 20. Qg4 Qg7 21. Re2 Kh8 22. Rbe1 e5 23. fxe5 Bxe5 24. Qh4 Bf6 25. Bg5 Rxe2 26. Rxe2 c4 27. Bc2 Bxc3 28. bxc3 Qxc3 29. Bd1 cxd3 30. Re7 Nf7 31. Bf6+ Kg8 32. Bxc3 1-0


[Site "https://www.chess.com"]

[Event "Titled Tuesday Blitz April 4 Late 2023"]
[White "Fonseca Manrique, Enrique"]
[Black "Lock, Gavin R"]
[WhiteFideId "5114330"]
[BlackFideId "408646"]
[WhiteElo "2526"]
[BlackElo "2104"]
[Result "1/2-1/2"]
[Round "03"]
[TimeControl "180+2"]
[Date "2023.04.04"]
[WhiteClock "0:00:17"]
[BlackClock "0:00:02"]

1. e4 c6 2. d4 d5 3. e5 c5 4. Nf3 cxd4 5. Nxd4 Nc6 6. Bb5 Bd7 7. Bxc6 bxc6 8. e6 fxe6 9. O-O g6 10. Re1 e5 11. Rxe5 Bg7 12. Re1 e5 13. Bf4 Ne7 14. Bxe5 O-O 15. Bxg7 Kxg7 16. c3 Rf7 17. Nd2 c5 18. N4f3 Nc6 19. Qb3 Bg4 20. h3 Rb8 21. Qa4 Bd7 22. Qa3 Qb6 23. b3 Rbf8 24. Re2 d4 25. cxd4 Nxd4 26. Nxd4 cxd4 27. Nc4 Qf6 28. Qb2 Kg8 29. Rd1 Qg5 30. Qd2 Rf4 31. Re5 Qh4 32. Rf1 Bxh3 33. gxh3 Qxh3 34. Rg5 Rg4+ 35. Rxg4 Qxg4+ 36. Kh2 Qh4+ 37. Kg2 Qg4+ 38. Kh2 Qh4+ 39. Kg2 Qg4+ 40. Kh2 1/2-1/2


[Site "https://www.chess.com"]

[Event "Titled Tuesday Blitz April 4 Late 2023"]
[White "Kalajzic, Ivan"]
[Black "Escanor89"]
[WhiteFideId "14506378"]
[WhiteElo "2203"]
[BlackElo "2524"]
[Result "0-1"]
[Round "03"]
[TimeControl "180+2"]
[Date "2023.04.04"]
[WhiteClock "0:00:01"]
[BlackClock "0:00:08"]

1. b3 d5 2. Bb2 Bf5 3. e3 e6 4. Nf3 Nf6 5. d4 Be7 6. Bd3 Bxd3 7. Qxd3 O-O 8. Nbd2 Nbd7 9. O-O c5 10. e4 cxd4 11. Nxd4 Nc5 12. Qe2 Ncxe4 13. Nxe4 Nxe4 14. c4 Nf6 15. Rfd1 Rc8 16. cxd5 exd5 17. Nf5 Re8 18. Nxe7+ Rxe7 19. Qf3 Ne4 20. g3 Re6 21. Rd3 Rc2 22. Bd4 a6 23. Rad1 Rxa2 24. Be3 Ra5 25. h4 Rb5 26. Bd4 h6 27. Kg2 Qe7 28. Qg4 Rg6 29. Qc8+ Kh7 30. Be3 Qxh4 31. Qc7 Qf6 32. Rxd5 Rxb3 33. R5d3 Rxd3 34. Rxd3 Qc6 35. Qxc6 Rxc6 36. Rd7 b5 37. Rxf7 Nf6 38. Rb7 Rc2 39. Bd4 Kg6 40. Kf3 Ra2 41. Rb6 Ra4 42. Be5 b4 43. Ke2 a5 44. g4 Ra2+ 45. Ke3 Ra3+ 46. Ke2 b3 47. f4 a4 48. Bd6 Ra2+ 49. Kf3 b2 50. f5+ Kg5 51. Bf4+ Kh4 52. Bg3+ Kh3 53. Rb7 Ra3+ 54. Kf2 Rb3 55. Rxg7 b1=Q 56. Bf4 Nxg4+ 57. Ke2 Qc2+ 0-1


[Site "https://www.chess.com"]

[Event "Titled Tuesday Blitz April 4 Late 2023"]
[White "Ward, Ieuan C"]
[Black "Francisco Guecamburu, Candela Be"]
[WhiteFideId "406627"]
[BlackFideId "160911"]
[WhiteElo "2264"]
[BlackElo "2326"]
[Result "0-1"]
[Round "03"]
[TimeControl "180+2"]
[Date "2023.04.04"]
[WhiteClock "0:00:57"]
[BlackClock "0:01:36"]

1. d4 Nf6 2. c4 c5 3. d5 e6 4. Nc3 exd5 5. cxd5 d6 6. e4 g6 7. Nf3 Bg7 8. Bd3 O-O 9. O-O Bg4 10. h3 Bxf3 11. Qxf3 Nbd7 12. Re1 Ne5 13. Qe2 Re8 14. Bc2 a6 15. a4 Rc8 16. f4 Ned7 17. Qf3 Nb6 18. b3 Nfxd5 19. Bb2 Nb4 20. Rac1 c4 21. bxc4 Nxc4 22. Ba1 b5 23. axb5 axb5 24. Bb3 Nd2 25. Qd1 Nxb3 26. Qxb3 Nd3 27. Red1 0-1


[Site "https://www.chess.com"]

[Event "Titled Tuesday Blitz April 4 Late 2023"]
[White "Zeynalli, Rashad"]
[Black "Vemparala, Nikash"]
[WhiteFideId "13403320"]
[BlackFideId "30960967"]
[WhiteElo "2125"]
[BlackElo "2023"]
[Result "1-0"]
[Round "03"]
[TimeControl "180+2"]
[Date "2023.04.04"]
[WhiteClock "0:02:27"]
[BlackClock "0:01:09"]

1. d4 Nf6 2. Bf4 d5 3. e3 e6 4. Nd2 Bd6 5. Bg3 O-O 6. Ngf3 c5 7. c3 Qc7 8. Bd3 b6 9. e4 dxe4 10. Nxe4 Bxg3 11. Nxf6+ gxf6 12. hxg3 f5 13. Ng5 f6 14. Rxh7 Qxh7 15. Nxh7 Kxh7 16. d5 exd5 17. Kd2 Nc6 18. Qh5+ Kg7 19. Rh1 Rg8 20. Qh7+ Kf8 21. Rh6 1-0


[Site "https://www.chess.com"]

[Event "Titled Tuesday Blitz April 4 Late 2023"]
[White "Korkmaz, Necmettin"]
[Black "Onslow, Alfie"]
[WhiteFideId "6303285"]
[BlackFideId "436976"]
[WhiteElo "2097"]
[BlackElo "2114"]
[Result "1-0"]
[Round "03"]
[TimeControl "180+2"]
[Date "2023.04.04"]
[WhiteClock "0:00:11"]
[BlackClock "0:00:04"]

1. e4 c5 2. Nc3 Nc6 3. f4 g6 4. Nf3 Bg7 5. Bb5 Nd4 6. O-O e6 7. e5 a6 8. Bd3 d5 9. Nxd4 cxd4 10. Ne2 Ne7 11. b3 Nc6 12. Ba3 Bf8 13. Bxf8 Kxf8 14. Qe1 b5 15. Qf2 Qb6 16. c3 Kg7 17. Nxd4 Nxd4 18. Qxd4 Qxd4+ 19. cxd4 Bd7 20. Rac1 Rhc8 21. Rc5 Kf8 22. Rfc1 Ke7 23. b4 Kd8 24. Kf2 a5 25. a3 axb4 26. axb4 Ra4 27. Rxc8+ Bxc8 28. Rb1 Bd7 29. Ke3 Kc7 30. g4 Kb6 31. Rb2 Ra1 32. Rb1 Ra3 33. h4 Be8 34. h5 gxh5 35. gxh5 f5 36. exf6 Bxh5 37. Rg1 Bg6 38. Rxg6 hxg6 39. f7 Ra8 40. Bxg6 Kc6 41. f5 Kd6 42. Kf4 Ke7 43. Ke5 exf5 44. Bxf5 Kxf7 45. Kxd5 Ke7 46. Kc5 Rb8 47. Bd3 Rc8+ 48. Kd5 Rb8 49. Kc5 Rc8+ 50. Kxb5 Kd6 51. Be4 Rb8+ 52. Kc4 Rc8+ 53. Kb3 Rb8 54. d3 Ke6 55. d5+ Kd6 56. Kc4 Rc8+ 57. Kb3 Rb8 58. d4 Rc8 59. b5 Rc1 60. Kb4 Re1 61. Bf3 Rf1 62. Be4 Re1 63. Bc2 Rc1 64. Bb3 Rd1 65. b6 1-0


[Site "https://www.chess.com"]

[Event "Titled Tuesday Blitz April 4 Late 2023"]
[White "Georg, Heinz"]
[Black "Senthilkumar, Pranav"]
[WhiteFideId "4607295"]
[BlackFideId "2083477"]
[WhiteElo "2235"]
[BlackElo "1860"]
[Result "1-0"]
[Round "03"]
[TimeControl "180+2"]
[Date "2023.04.04"]
[WhiteClock "0:01:08"]
[BlackClock "0:01:36"]

1. e4 c5 2. Nf3 e6 3. b3 b6 4. d4 cxd4 5. Nxd4 Bb7 6. Nb5 d6 7. N1c3 Nf6 8. Bd3 a6 9. Nd4 b5 10. Qe2 Be7 11. O-O O-O 12. h3 Nc6 13. Be3 Rc8 14. Nxc6 Bxc6 15. Bd2 Qc7 16. a4 b4 17. Nd1 a5 18. f3 Nd7 19. Ne3 Bf6 20. Rac1 d5 21. exd5 exd5 22. Nf5 Ne5 23. Bf4 Nxd3 24. Bxc7 Nxc1 25. Rxc1 Rxc7 26. Qd3 g6 27. Ne3 Re8 28. Nxd5 Bg5 29. Nxc7 Bxc1 30. Nxe8 Bxe8 31. Qd8 Kf8 32. Qxa5 Bd2 33. Qc5+ Kg8 34. Kf2 Bd7 35. Qd5 1-0


[Site "https://www.chess.com"]

[Event "Titled Tuesday Blitz April 4 Late 2023"]
[White "Osmonbekov, Talaibek"]
[Black "LuckyMajky"]
[WhiteFideId "2017253"]
[WhiteElo "2135"]
[BlackElo "2466"]
[Result "0-1"]
[Round "03"]
[TimeControl "180+2"]
[Date "2023.04.04"]
[WhiteClock "0:00:01"]
[BlackClock "0:01:10"]

1. d4 Nf6 2. Bf4 c5 3. e3 cxd4 4. exd4 Qb6 5. b3 Nc6 6. Nf3 d5 7. Be2 Bg4 8. c3 e6 9. O-O Be7 10. b4 O-O 11. a4 Rac8 12. a5 Qd8 13. Re1 a6 14. Ra2 Na7 15. Ne5 Bxe2 16. Raxe2 Nb5 17. Re3 Ne4 18. Rh3 g6 19. c4 Nbd6 20. c5 Nb5 21. Qg4 Nxd4 22. Nd2 f5 23. Qd1 Nc6 24. Qb3 Bf6 25. Nxe4 fxe4 26. Ng4 Bg7 27. Nh6+ Bxh6 0-1


[Site "https://www.chess.com"]

[Event "Titled Tuesday Blitz April 4 Late 2023"]
[White "Vaglio Munoz, Jaime"]
[Black "Torres Hernandez, Leslie Carolin"]
[WhiteFideId "6500145"]
[BlackFideId "8400504"]
[WhiteElo "2199"]
[BlackElo "1920"]
[Result "0-1"]
[Round "03"]
[TimeControl "180+2"]
[Date "2023.04.04"]
[WhiteClock "0:01:09"]
[BlackClock "0:01:00"]

1. Nf3 Nf6 2. c4 Nc6 3. b3 e5 4. Bb2 d6 5. g3 Be7 6. Bg2 O-O 7. O-O a5 8. Nc3 h6 9. d4 exd4 10. Nxd4 Nxd4 11. Qxd4 c6 12. Rad1 Qc7 13. e4 Be6 14. h3 Nd7 15. Na4 Bf6 16. Qd2 Bxb2 17. Nxb2 a4 18. Qxd6 Qxd6 19. Rxd6 axb3 20. axb3 Ra2 21. Nd3 Rd2 22. Kh1 Nc5 23. Nxc5 Rxd6 24. Nxb7 Rd2 25. e5 Rb8 26. Nc5 Bf5 27. g4 Bc2 28. e6 fxe6 29. Re1 Bxb3 30. Nxe6 Bxc4 31. Nf4 Rxf2 32. Bxc6 Rxf4 33. Rc1 Rf1+ 34. Rxf1 Bxf1 35. Kh2 Bc4 36. Kg3 Rb3+ 37. Kh4 g5+ 38. Kh5 Kg7 39. h4 Bf7# 0-1


[Site "https://www.chess.com"]

[Event "Titled Tuesday Blitz April 4 Late 2023"]
[White "Mazurkiewicz, Michal"]
[Black "ritanovikova"]
[WhiteFideId "1124943"]
[WhiteElo "2054"]
[BlackElo "2214"]
[Result "1-0"]
[Round "03"]
[TimeControl "180+2"]
[Date "2023.04.04"]
[WhiteClock "0:00:32"]
[BlackClock "0:00:22"]

1. e4 d5 2. exd5 Qxd5 3. d3 Nf6 4. Nc3 Qd8 5. g3 Nc6 6. Nf3 Bg4 7. h3 Bh5 8. Bg2 e6 9. O-O Be7 10. Re1 O-O 11. g4 Bg6 12. Nh4 Nd5 13. Nxg6 hxg6 14. Nxd5 exd5 15. d4 Bf6 16. c3 Qd6 17. Qf3 Rad8 18. Bf4 Qd7 19. Qg3 Rc8 20. h4 Be7 21. g5 Qd8 22. Bh3 Ra8 23. Bxc7 Qe8 24. Re2 f5 25. gxf6 Rxf6 26. Rae1 Qf8 27. Be6+ Kh7 28. Bxd5 Bd6 29. Bxd6 Rxd6 30. Be4 Kh8 31. Bxg6 Ne7 32. Rxe7 Rf6 33. Re8 Rxg6 34. Rxf8+ 1-0


[Site "https://www.chess.com"]